[ AOE2 MATCH · #504955413 ]
UnrankedTurks vs Vietnamese
Player's team · WIN
Rival team · LOSS
[ REPLAY ANALYSIS · EXTRACTED FROM THE RECORDED GAME ]
Feudal
—
Castle
—
Imperial
—
| APM avg | 60.8 |
| APM peak | 74 |
| eAPM avg | 28.3 |
| Villagers / military | 24 / 0 |
Focus
⚔️ 26.2% · 🌾 73.8%
Feudal
—
Castle
—
Imperial
—
| APM avg | 57.5 |
| APM peak | 79 |
| eAPM avg | 28.6 |
| Villagers / military | 6 / 0 |
Focus
⚔️ 50.5% · 🌾 49.5%
Match map
Initial resources + every placement click. Lines = walls · curves = elevation contours. ◆ gold · ⬟ stone · ● berries · ✦ relic · ◌ wall gap
Your base
altrnate15's base
Smoothed initial terrain · ◌ = detected wall gap · hover for details
Inputs per minute
— 刻骨銘心 - - altrnate15
Build order — 刻骨銘心
29 actions detected in the replay
| 0:02 | Queue | Villager (Male) |
| 0:02 | Build | House |
| 0:03 | Build | House |
| 0:09 | Queue | Villager (Male) |
| 0:25 | Queue | Villager (Male) |
| 0:41 | Queue | Villager (Male) |
| 1:07 | Research | Loom |
| 1:14 | Queue | Villager (Male) |
| 1:48 | Queue | Villager (Male) |
| 2:40 | Queue | Villager (Male) |
| 2:40 | Queue | Villager (Male) |
| 3:10 | Queue | Villager (Male) |
| 3:10 | Queue | Villager (Male) |
| 4:25 | Build | Palisade Wall |
| 4:40 | Queue | Villager (Male) |
| 4:41 | Queue | Villager (Male) |
| 5:03 | Queue | Villager (Male) |
| 5:04 | Queue | Villager (Male) |
| 5:27 | Queue | Villager (Male) |
| 6:16 | Queue | Villager (Male) |
| 6:16 | Queue | Villager (Male) |
| 6:28 | Build | Lumber Camp |
| 6:35 | Queue | Villager (Male) |
| 6:35 | Queue | Villager (Male) |
| 7:08 | Queue | Villager (Male) |
| 7:09 | Queue | Villager (Male) |
| 7:41 | Queue | Villager (Male) |
| 7:41 | Queue | Villager (Male) |
| 7:41 | Queue | Villager (Male) |
Build order — altrnate15
58 actions detected in the replay
| 0:04 | Research | Loom |
| 0:04 | Queue | Villager (Male) |
| 1:20 | Queue | Villager (Male) |
| 1:20 | Queue | Villager (Male) |
| 1:20 | Queue | Villager (Male) |
| 2:01 | Build | Palisade Wall |
| 2:02 | Build | Palisade Wall |
| 2:03 | Build | Palisade Wall |
| 2:04 | Build | Palisade Wall |
| 2:48 | Build | Palisade Wall |
| 2:50 | Build | Palisade Wall |
| 2:51 | Build | Palisade Wall |
| 2:56 | Build | Palisade Wall |
| 2:57 | Build | Palisade Wall |
| 3:01 | Build | Palisade Wall |
| 3:02 | Build | Palisade Wall |
| 3:03 | Build | Palisade Wall |
| 3:04 | Build | Palisade Wall |
| 3:28 | Build | House |
| 3:42 | Build | Palisade Wall |
| 3:43 | Build | Palisade Wall |
| 3:48 | Build | Palisade Wall |
| 3:54 | Build | Palisade Wall |
| 3:55 | Build | Palisade Wall |
| 3:56 | Build | Palisade Wall |
| 4:13 | Build | Palisade Gate |
| 4:16 | Build | Palisade Wall |
| 4:32 | Build | House |
| 4:34 | Build | House |
| 4:40 | Build | Palisade Wall |
| 4:41 | Build | Palisade Wall |
| 4:42 | Build | Palisade Wall |
| 4:43 | Build | Palisade Wall |
| 4:45 | Build | House |
| 4:47 | Build | House |
| 5:06 | Build | Palisade Wall |
| 5:07 | Build | Palisade Wall |
| 5:09 | Build | Palisade Wall |
| 5:14 | Build | Palisade Wall |
| 5:19 | Build | Palisade Wall |
| 5:20 | Build | Palisade Wall |
| 5:23 | Build | Palisade Wall |
| 5:27 | Build | Palisade Wall |
| 5:35 | Build | Palisade Wall |
| 5:44 | Queue | Villager (Male) |
| 5:44 | Queue | Villager (Male) |
| 6:23 | Build | Lumber Camp |
| 6:57 | Build | Palisade Wall |
| 6:58 | Build | Palisade Wall |
| 7:08 | Build | Palisade Wall |
| 7:11 | Build | Palisade Wall |
| 7:12 | Build | Palisade Wall |
| 7:17 | Build | Palisade Wall |
| 7:19 | Build | Palisade Wall |
| 7:19 | Build | Palisade Wall |
| 7:35 | Build | Palisade Wall |
| 7:40 | Build | Palisade Wall |
| 7:40 | Build | Palisade Wall |
Match timeline
| 2:01 | altrnate15 · wall_segment Palisade Wall x1 |
| 2:02 | altrnate15 · wall_segment Palisade Wall x1 |
| 2:03 | altrnate15 · wall_segment Palisade Wall x1 |
| 2:04 | altrnate15 · wall_segment Palisade Wall x1 |
| 2:48 | altrnate15 · wall_segment Palisade Wall x1 |
| 2:50 | altrnate15 · wall_segment Palisade Wall x1 |
| 2:51 | altrnate15 · wall_segment Palisade Wall x1 |
| 2:56 | altrnate15 · wall_segment Palisade Wall x1 |
| 2:57 | altrnate15 · wall_segment Palisade Wall x1 |
| 3:01 | altrnate15 · wall_segment Palisade Wall x1 |
| 3:02 | altrnate15 · wall_segment Palisade Wall x1 |
| 3:03 | altrnate15 · wall_segment Palisade Wall x1 |
| 3:04 | altrnate15 · wall_segment Palisade Wall x1 |
| 3:42 | altrnate15 · wall_segment Palisade Wall x1 |
| 3:43 | altrnate15 · wall_segment Palisade Wall x1 |
| 3:48 | altrnate15 · wall_segment Palisade Wall x1 |
| 3:54 | altrnate15 · wall_segment Palisade Wall x1 |
| 3:55 | altrnate15 · wall_segment Palisade Wall x1 |
| 3:56 | altrnate15 · wall_segment Palisade Wall x1 |
| 4:16 | altrnate15 · wall_segment Palisade Wall x1 |
| 4:25 | 刻骨銘心 · wall_segment Palisade Wall x11 |
| 4:40 | altrnate15 · wall_segment Palisade Wall x1 |
| 4:41 | altrnate15 · wall_segment Palisade Wall x1 |
| 4:42 | altrnate15 · wall_segment Palisade Wall x1 |
| 4:43 | altrnate15 · wall_segment Palisade Wall x1 |
| 5:06 | altrnate15 · wall_segment Palisade Wall x3 |
| 5:07 | altrnate15 · wall_segment Palisade Wall x3 |
| 5:09 | altrnate15 · wall_segment Palisade Wall x1 |
| 5:14 | altrnate15 · wall_segment Palisade Wall x1 |
| 5:19 | altrnate15 · wall_segment Palisade Wall x1 |
| 5:20 | altrnate15 · wall_segment Palisade Wall x1 |
| 5:23 | altrnate15 · wall_segment Palisade Wall x1 |
| 5:27 | altrnate15 · wall_segment Palisade Wall x1 |
| 5:35 | altrnate15 · wall_segment Palisade Wall x1 |
| 6:57 | altrnate15 · wall_segment Palisade Wall x1 |
| 6:58 | altrnate15 · wall_segment Palisade Wall x1 |
| 7:08 | altrnate15 · wall_segment Palisade Wall x1 |
| 7:11 | altrnate15 · wall_segment Palisade Wall x1 |
| 7:12 | altrnate15 · wall_segment Palisade Wall x1 |
| 7:17 | altrnate15 · wall_segment Palisade Wall x1 |
| 7:19 | altrnate15 · wall_segment Palisade Wall x1 |
| 7:19 | altrnate15 · wall_segment Palisade Wall x1 |
| 7:35 | altrnate15 · wall_segment Palisade Wall x1 |
| 7:40 | altrnate15 · wall_segment Palisade Wall x1 |
| 7:40 | altrnate15 · wall_segment Palisade Wall x1 |
| 7:46 | altrnate15 · resign |
[ AI ANALYSIS · 1 CREDIT ]
What really happened in this match?
Wolo.gg analyzes every decision: build order, eco, micro, common mistakes by bracket. Personalized analysis on WhatsApp or Discord in 30 seconds.
Civ guide
Turks
Perfil
Jugador #6017945